 Dungeon Crawl Stone Soup version 0.29-a0-322-g68df515428 (webtiles) character file.

Game seed: 13891167566828539929

191 GigaChad the Bolt Thrower (level 5, -1/45 HPs)
             Began as a Minotaur Hunter on Apr 5, 2022.
             Was a Believer of Zin.
             Frozen to death by an endoplasm (5 damage)
             ... on level 4 of the Dungeon.
             The game lasted 00:10:45 (1742 turns).

GigaChad the Bolt Thrower (Minotaur Hunter)         Turns: 1742, Time: 00:10:46

Health: -1/45      AC:  9    Str: 16    XL:     5   Next: 42%
Magic:  4/4        EV:  7    Int:  6    God:    Zin [**....]
Gold:   162        SH:  0    Dex: 15    Spells: 4/4 levels left

rFire   . . .      SeeInvis .   t - +0 short sword
rCold   . . .      Faith    .   (no shield)
rNeg    . . .      Spirit   .   e - +1 chain mail
rPois   .          Reflect  .   (helmet restricted)
rElec   .          Harm     .   g - scarf {shadows}
rCorr   .          Rampage  .   (no gloves)
Will    .....                   (no boots)
Stlth   ..........              (no amulet)
HPRegen 0.15/turn               (no ring)
MPRegen 0.09/turn               (no ring)

@: no status effects
A: horns 2, retaliatory headbutt
a: Renounce Religion, Recite, Vitalisation, Donate Gold


You were on level 4 of the Dungeon.
You worshipped Zin.
Zin was pleased with you.
You visited 1 branch of the dungeon, and saw 4 of its levels.

You collected 179 gold pieces.
You donated 17 gold pieces to Zin.

Inventory:

Hand Weapons
 a - a +3 hand crossbow
 h - a +0 dagger
 j - a +0 dagger
 t - a +0 short sword (weapon)
Missiles
 r - 6 silver boomerangs
 v - 3 atropa-tipped darts
Armour
 b - a +0 leather armour
 e - a +1 chain mail (worn)
 g - a scarf of shadows (worn)
Jewellery
 m - a ring of protection from cold
Scrolls
 c - a scroll of immolation
 n - a scroll of enchant weapon
 w - a scroll of fear {unknown}
 x - a scroll of vulnerability
 y - 2 scrolls of identify
Potions
 d - a potion of ambrosia {unknown}
 f - 2 potions of haste {unknown}
 i - 2 potions of heal wounds
 k - 3 potions of flight
 l - a potion of mutation {unknown}
 o - a potion of curing {unknown}
 p - a potion of experience {unknown}
 q - 3 potions of attraction
 s - a potion of lignification {unknown}
 u - 2 potions of invisibility {unknown}


   Skills:
 + Level 3.6 Fighting
 + Level 6.3 Crossbows
 + Level 2.5 Armour
 + Level 2.4 Dodging
 + Level 0.8 Stealth


You had 4 spell levels left.
You didn't know any spells.
Your spell library was empty.

Dungeon Overview and Level Annotations

Branches:
Dungeon (4/15)
 Temple: D:4-7

Altars:
Zin

Annotations:
D:2 Robin


Innate Abilities, Weirdness & Mutations

You have a pair of horns on your head.
You reflexively headbutt those who attack you in melee.


Message History

The hound is heavily wounded.
The hound bites you. The hound bites you but does no damage.
You barely miss the hound.
The hound is heavily wounded.
The hound barely misses you. The endoplasm freezes you.
You are frozen.
A gnoll comes into view. It is wielding a +0 spear.
The hound barely misses you. You furiously retaliate!
You headbutt the hound!
You kill the hound!
The gnoll shouts!
You hit the giant cockroach but do no damage.
Your headbutt misses the giant cockroach.
You hear a shout!
The giant cockroach barely misses you. You furiously retaliate!
You headbutt the giant cockroach, but do no damage.
The endoplasm freezes you.
You are frozen.
You hit the giant cockroach.
You kill the giant cockroach!
The endoplasm hits you but does no damage.
A gnoll comes into view. It is wielding a +0 flail.
The endoplasm barely misses you.
You see here a giant cockroach corpse.
The endoplasm freezes you.
You are frozen.
A gnoll shaman comes into view. It is wielding a +0 club.
The endoplasm freezes you.
You are frozen.
* * * LOW HITPOINT WARNING * * *
The gnoll hits you with a +0 spear!
* * * LOW HITPOINT WARNING * * *
You barely miss the gnoll. The endoplasm hits you.
* * * LOW HITPOINT WARNING * * *
The gnoll hits you with a +0 spear.
* * * LOW HITPOINT WARNING * * *
You barely miss the gnoll. The endoplasm freezes you.
You are frozen.
You die...

### #.. #.. #.. #####
#.. ..... #########..
.....########..........
.....g.................
.....g@.......#######..
...g.#J†.......#### ##.
.......(..........## #.
.....#....#####....# #.
...........# ##.#.....
.....####.... #.......
..### ##.### .######. .
... .. ####.#


You could see a gnoll shaman, 2 gnolls and an endoplasm.

Vanquished Creatures
  2 hounds (D:4)
  Jessica (D:2)
  An iguana (D:4)
  An adder (D:3)
  2 dart slugs
  2 orcs (D:3)
  5 bats
  5 endoplasms
  2 giant cockroaches
  13 goblins
  8 hobgoblins
  2 kobolds
  3 quokkas
  8 ball pythons
  3 frilled lizards
  3 rats (D:1)
61 creatures vanquished.

Notes
Turn   | Place    | Note
-------+----------+-------------------------------------------
     0 | D:1      | GigaChad the Minotaur Hunter began the quest for the Orb.
     0 | D:1      | Reached XP level 1. HP: 18/18 MP: 0/0
   152 | D:1      | Reached XP level 2. HP: 21/25 MP: 1/1
   201 | D:1      | Reached skill level 5 in Crossbows
   563 | D:1      | Reached XP level 3. HP: 8/30 MP: 2/2
   721 | D:2      | Noticed Jessica
   727 | D:2      | Killed Jessica
   728 | D:2      | Reached skill level 1 in Armour
  1037 | D:2      | Reached XP level 4. HP: 31/37 MP: 3/3
  1107 | D:2      | Noticed Robin
  1595 | D:3      | Found a faded altar of an unknown god.
  1603 | D:3      | Prayed at the altar of an unknown god.
  1603 | D:3      | Became a worshipper of Zin the Law-Giver
  1603 | D:3      | Reached * piety under Zin
  1603 | D:3      | Reached ** piety under Zin
  1660 | D:4      | Reached skill level 6 in Crossbows
  1728 | D:4      | Reached XP level 5. HP: 21/45 MP: 4/4
  1742 | D:4      | Frozen to death by an endoplasm

Illustrated notes

Levels and vault maps discovered:
D:1:      saegor_arrival_under_anarchy, layout_basic, kennysheep_crisscross,
          minmay_distorted
D:2:      layout_basic, grunt_decor_clamped, uniq_jessica, uniq_robin
D:3:      layout_basic, dreamdust_ecumenical_altar_hidden_monk_grotto
D:4:      layout_rooms, nicolae_uskayaw_dance_hall, gammafunk_ghost_smash

Skill      XL: |  1  2  3  4 |
---------------+-------------+-----
Crossbows      | 5 6 |  6.3
Armour         | 1 2 |  2.5
Fighting       | 3 |  3.6
Dodging        | |  2.4
Stealth        | |  0.8

Action                   |  1- 3 |  4- 6 || total
-------------------------+-------+-------++-------
Melee: Dagger            |    22 |       ||    22
       Headbutt          |     5 |     4 ||     9
       Short sword       |       |    25 ||    25
 Fire: Hand crossbow     |    56 |    24 ||    80
  Use: Scroll            |     6 |     2 ||     8
Armor: Chain mail        |    51 |    34 ||    85
       Leather armour    |     1 |       ||     1
Dodge: Dodged            |    33 |    28 ||    61

Table legend: (Time is in decaauts)
 A = Elapsed time spent in this place.
 B = Non-inter-level travel time spent in this place.
 C = Inter-level travel time spent in this place.
 D = Time resting spent in this place.
 E = Time spent auto-exploring this place.
 F = Levels seen in this place.
 G = Mean time per level.
                   A        B        C        D        E       F      G
               +--------+--------+--------+--------+--------+-----+--------+
         Total |   1793 |   1752 |     41 |      0 |    307 |   4 |  448.2 |
       Dungeon |   1793 |   1752 |     41 |      0 |    307 |   4 |  448.2 |
               +--------+--------+--------+--------+--------+-----+--------+

Top non-repeatable levels by time:
     D:1: 657 daAuts
     D:3: 534 daAuts
     D:2: 503 daAuts
     D:4: 98 daAuts
